 Dungeon Sprint DCSS version 0.27.1-4-g1640c2035a (webtiles) character file.

Game seed: 4184850055761961690

6464 boopmooplesden the Impaler (level 10, -3/162 HPs)
             Began as a Minotaur Berserker on Nov 10, 2021.
             Was the Champion of Trog.
             Slain by a cane toad (16 damage)
             ... in the Dungeon (Sprint IX: "|||||||||||||||||||||||||||||").
             The game lasted 00:02:29 (875 turns).

boopmooplesden the Impaler (Minotaur Berserker)      Turns: 875, Time: 00:02:29

Health: -3/162     AC: 13    Str: 23    XL:     10   Next: 68%
Magic:  3/3        EV: 15    Int:  4    God:    Trog [******]
Gold:   0          SH:  0    Dex: 15    Spells: 9/9 levels left

rFire    . . .     SeeInvis .   v - +6 triple sword (antimagic)
rCold    . . .     Faith    .   (shield currently unavailable)
rNeg     . . .     Spirit   .   m - +2 ring mail
rPois    .         Reflect  .   (helmet restricted)
rElec    .         Harm     .   l - +0 cloak
rCorr    .         Rampage  .   (no gloves)
Will     .....     NoTele   +   (no boots)
Stlth    ..........             (no amulet)
HPRegen  0.37/turn              n - +2 ring of protection
MPRegen  0.08/turn              o - +3 ring of dexterity

@: berserking, very quick
A: horns 2, retaliatory headbutt
a: Renounce Religion, Berserk, Trog's Hand, Brothers in Arms


You were in the Dungeon.
You worshipped Trog.
Trog was exalted by your worship.
You visited 1 branch

Inventory:

Hand Weapons
 a - a +0 spear
 k - a +2 halberd of venom
 p - a +3 antimagic glaive
 t - a +4 vorpal halberd
 u - a +5 vorpal spear
 v - a +6 antimagic triple sword (weapon)
Armour
 b - a +0 animal skin
 l - a +0 cloak (worn)
 m - a +2 ring mail (worn)
Jewellery
 n - a +2 ring of protection (left hand)
 o - a +3 ring of dexterity (right hand)
Wands
 j - a wand of iceblast (10)
Scrolls
 h - 4 scrolls of blinking
 r - 3 scrolls of fog
 s - a scroll of fear
Potions
 c - 8 potions of curing
 d - 5 potions of heal wounds
 e - a potion of haste
 f - 4 potions of magic
 g - a potion of berserk rage
 i - a potion of invisibility
 q - a potion of might


   Skills:
 + Level 16.4 Fighting
 + Level 3.6 Long Blades
 + Level 19.6 Polearms
 + Level 11.0 Armour
 + Level 8.8 Dodging


You had 9 spell levels left.
You didn't know any spells.
Your spell library was empty.

Dungeon Overview and Level Annotations

Branches:
Dungeon (1/1)

Altars:
Cheibriados
Dithmenos
Elyvilon
Fedhas
Gozag
Hepliaklqana
Kikubaaqudgha
Makhleb
Nemelex Xobeh
Okawaru
Qazlal
Ru
Sif Muna
Trog
Uskayaw
Vehumet
Wu Jian
Xom
Yredelemnul
Zin
The Shining One
Beogh
Jiyva
Lugonu


Innate Abilities, Weirdness & Mutations

You have a pair of horns on your head.
You reflexively headbutt those who attack you in melee.


Message History

The tyrant leech draws strength from your injuries!
The blink frog gives a loud, deep croak!
You hit the tyrant leech.
The tyrant leech is heavily wounded.
You feel sick. The tyrant leech misses you.
You riposte.
You slice the tyrant leech!!
You feel the power of Trog in you as your rage grows.
You kill the tyrant leech!
Trog accepts your kill.
Your Long Blades skill increases to level 2!
You closely miss the cane toad. You headbutt the cane toad!
The cane toad is heavily wounded.
You feel sick.
You are no longer poisoned.
The blink frog blinks!
The cane toad barely misses you.
The blink frog blinks!
The cane toad closely misses you. You furiously retaliate!
You headbutt the cane toad!
You riposte.
You barely miss the cane toad.
The cane toad is severely wounded.
You hit the cane toad. You headbutt the cane toad.
You kill the cane toad!
Trog accepts your kill. The vampire mosquito misses you.
You riposte.
Your ring mail prevents you from hitting the vampire mosquito.
You headbutt the vampire mosquito.
The vampire mosquito is moderately damaged.
The vampire mosquito bites you but does no damage.
Your Long Blades skill increases to level 3!
Your Armour skill increases to level 11!
You miss the vampire mosquito. You headbutt the vampire mosquito!
The vampire mosquito is severely damaged.
The vampire mosquito misses you. You furiously retaliate!
You headbutt the vampire mosquito!
You feel the power of Trog in you as your rage grows.
You destroy the vampire mosquito!
Trog accepts your kill.
The cane toad stings you but does no damage.
You slice the cane toad!!
The cane toad is heavily wounded.
The cane toad stings you!
You die...

▓.▓.▓
▓.▓.▓[▓
▓.▓.▓.▓
▓.▓.▓.▓
▓F▓.▓)▓
▓.▓.▓?▓
▓.▓.▓.▓
▓F▓.▓'▓
▓@▓.▓_▓
▓.▓.▓_▓
▓.▓.▓_▓
▓.▓.▓_▓
▓.▓.▓_▓
▓.▓.▓_▓
▓†▓.▓_▓
▓†▓.▓_▓
▓†▓.▓_▓


You could see a cane toad and a blink frog.

Vanquished Creatures
  A tengu warrior (D)
  A deep elf pyromancer (D)
  An ugly thing (D)
  A manticore (D)
  4 cane toads (D)
  3 komodo dragons (D)
  A troll (D)
  A tyrant leech (D)
  A blink frog (D)
  2 yaks (D)
  A vampire (D)
  2 wyverns (D)
  3 vampire mosquitoes (D)
  5 water moccasins (D)
  5 bullfrogs (D)
  A wight (D)
  2 howler monkeys (D)
  2 hounds (D)
  An adder (D)
  An adder zombie (D)
  An orc (D)
  A bat zombie (D)
  2 goblins (D)
  2 hobgoblins (D)
  A kobold (D)
46 creatures vanquished.

Notes
Turn   | Place    | Note
-------+----------+-------------------------------------------
     0 | D        | boopmooplesden the Minotaur Berserker began the quest for
                  | the Orb.
     0 | D        | Reached XP level 1. HP: 19/19 MP: 0/0
     5 | D        | Reached skill level 4 in Polearms
    10 | D        | Reached ** piety under Trog
    19 | D        | Noticed a hound
    19 | D        | Noticed a hound
    27 | D        | Reached XP level 2. HP: 18/28 MP: 1/1
    30 | D        | Reached *** piety under Trog
    31 | D        | Reached skill level 5 in Fighting
    31 | D        | Reached skill level 6 in Polearms
    31 | D        | Reached XP level 3. HP: 36/37 MP: 2/2
    36 | D        | Reached skill level 7 in Polearms
    36 | D        | Reached XP level 4. HP: 39/45 MP: 3/3
    64 | D        | Found a snail-covered altar of Cheibriados.
    64 | D        | Found a shadowy altar of Dithmenos.
    64 | D        | Found a white marble altar of Elyvilon.
    64 | D        | Found a blossoming altar of Fedhas.
    64 | D        | Found an opulent altar of Gozag.
    65 | D        | Found a hazy altar of Hepliaklqana.
    66 | D        | Found a viscous altar of Jiyva.
    67 | D        | Found an ancient bone altar of Kikubaaqudgha.
    68 | D        | Found a corrupted altar of Lugonu.
    69 | D        | Found a burning altar of Makhleb.
    70 | D        | Found a sparkling altar of Nemelex Xobeh.
    71 | D        | Found an iron altar of Okawaru.
    72 | D        | Found a stormy altar of Qazlal.
    73 | D        | Found a sacrificial altar of Ru.
    74 | D        | Found a shimmering blue altar of Sif Muna.
    75 | D        | Found a bloodstained altar of Trog.
    76 | D        | Found a hide-covered altar of Uskayaw.
    77 | D        | Found a radiant altar of Vehumet.
    78 | D        | Found an ornate altar of the Wu Jian Council.
    79 | D        | Found a shimmering altar of Xom.
    80 | D        | Found a basalt altar of Yredelemnul.
    81 | D        | Found a glowing silver altar of Zin.
    82 | D        | Found a glowing golden altar of the Shining One.
   152 | D        | Noticed a troll
   152 | D        | Noticed a komodo dragon
   156 | D        | Reached **** piety under Trog
   157 | D        | Reached skill level 8 in Polearms
   159 | D        | Killed a komodo dragon
   160 | D        | Reached skill level 10 in Fighting
   160 | D        | Reached skill level 11 in Polearms
   160 | D        | Reached XP level 5. HP: 55/59 MP: 4/4
   160 | D        | Reached XP level 6. HP: 63/67 MP: 5/5
   162 | D        | Reached skill level 5 in Dodging
   164 | D        | Reached skill level 12 in Polearms
   169 | D        | Killed a troll
   169 | D        | Reached ***** piety under Trog
   170 | D        | Reached skill level 13 in Polearms
   170 | D        | Reached XP level 7. HP: 65/74 MP: 6/6
   296 | D        | Noticed a manticore
   296 | D        | Noticed a vampire mosquito
   296 | D        | Noticed a deep elf pyromancer
   296 | D        | Noticed a cyan ugly thing
   296 | D        | Noticed a tengu warrior
   296 | D        | Noticed a vampire
   301 | D        | Killed a vampire
   309 | D        | Killed a tengu warrior
   310 | D        | Reached skill level 15 in Polearms
   310 | D        | Reached XP level 8. HP: 85/85 MP: 7/7
   313 | D        | Killed a cyan ugly thing
   313 | D        | Received a gift from Trog
   316 | D        | Reached skill level 16 in Polearms
   318 | D        | Killed a manticore
   319 | D        | Reached XP level 9. HP: 77/95 MP: 8/8
   321 | D        | Killed a deep elf pyromancer
   322 | D        | Reached skill level 17 in Polearms
   472 | D        | Received a gift from Trog
   475 | D        | Noticed a komodo dragon
   485 | D        | Reached skill level 10 in Armour
   487 | D        | Reached skill level 18 in Polearms
   498 | D        | Killed a komodo dragon
   498 | D        | Received a gift from Trog
   499 | D        | Reached skill level 15 in Fighting
   757 | D        | Noticed a komodo dragon
   762 | D        | Reached XP level 10. HP: 105/105 MP: 9/9
   771 | D        | Received a gift from Trog
   779 | D        | Noticed a cane toad
   781 | D        | Reached skill level 19 in Polearms
   787 | D        | Killed a cane toad
   856 | D        | Noticed a cane toad
   856 | D        | Noticed a cane toad
   856 | D        | Noticed a cane toad
   858 | D        | Noticed a cane toad
   859 | D        | Killed a cane toad
   859 | D        | Reached ****** piety under Trog
   859 | D        | Identified the +10 demon trident "Iblojouc" {flame, rCorr}
                  | (Trog gifted it to you in the Dungeon)
   859 | D        | Received a gift from Trog
   864 | D        | Reached skill level 1 in Long Blades
   865 | D        | Killed a cane toad
   873 | D        | Killed a cane toad
   875 | D        | Slain by a cane toad

Illustrated notes

Levels and vault maps discovered:
D:        linesprint [early_d, line_temple, items_1, d_10, items_2, lair_1,
          lair_end, items_3, orc_1, orc_end, items_4, d_15, swamp_1, shoals_1,
          snake_1, spider_1, d_20, vaults_1, items_5, swamp_end, shoals_end,
          snake_end, spider_end, vaults_end, d_27, items_6, zot_1, zot_end,
          crypt_end, forest_end, elf_end, slime_end, tomb_end, abyss_end,
          pan_hell_end]

Skill      XL: |  1  2  3  4  5  6  7  8  9 10 |
---------------+-------------------------------+-----
Fighting       | 4 5 6 10 11 12 14 15 16 | 16.4
Polearms       | 4 6 7 11 13 15 16 18 19 | 19.6
Armour         | 3 6 7 8 9 10 11 | 11.0
Dodging        | 3 4 5 6 7 8 |  8.8
Long Blades    | 3 |  3.6

Action                   |  1- 3 |  4- 6 |  7- 9 | 10-12 || total
-------------------------+-------+-------+-------+-------++-------
Melee: Spear             |    24 |     2 |       |       ||    26
       Headbutt          |     4 |     7 |    13 |    11 ||    35
       Halberd           |       |    14 |    61 |    23 ||    98
       Triple sword      |       |       |       |    18 ||    18
Invok: Berserk           |     1 |     1 |     2 |     1 ||     5
Armor: Animal skin       |     3 |       |       |       ||     3
       Ring mail         |       |     5 |    16 |     5 ||    26
Dodge: Dodged            |     9 |     9 |    25 |    17 ||    60
       Rpst.: Triple sword |       |       |       |     5 ||     5
